Map: Backwater LE

Players

Alfabikka - Winner!

  • Race: Terran Terran
  • League: Gold
  • Spawn Location: 11:00

CinDra

  • Race: Zerg Zerg
  • League: Silver
  • Spawn Location: 5:00

VOD

Have the link to the VOD?

Description

Time

  • Played on: Feb. 25, 2018, 1:47 a.m.
  • Length: 5:41
Show
View Real Time Build Order
Export as new Build Order

Alfabikka Terran - Winner!

Build Orders:  

Get SALT Encoding   

  12  0:01  SCV  
  13  0:13  SCV  
  14  0:17  Supply Depot  
  14  0:25  SCV  
  15  0:34  Refinery  
  15  0:39  SCV  
  16  0:45  Barracks  
  16  0:54  SCV  
  17  1:06  SCV  
  18  1:17  Supply Depot  
  18  1:18  SCV  
  19  1:31  SCV  
  20  1:33  Reaper  
  21  1:45  Orbital Command  
  21  1:58  Refinery  
  21  2:04  Command Center  
  21  2:11  Barracks Reactor, SCV  
  22  2:23  SCV  
  23  2:33  Factory  
  23  2:51  SCV  
  24  3:10  SCV  
  25  3:24  Starport  
  25  3:25  SCV  
  26  3:28  Hellion x2  
  26  3:29  Supply Depot  
  29  3:42  SCV  
  29  3:46  Orbital Command  
  30  3:49  Hellion x2  
  30  3:54  SCV  
  35  4:02  Armory  
  35  4:07  SCV  
  35  4:08  Medivac  
  38  4:11  Barracks Reactor, Hellion x2  
  42  4:17  Factory  
  42  4:19  SCV x2  
  42  4:21  Liberator  
  42  4:24  Refinery  
  44  4:31  SCV  
  45  4:32  Hellion x2  
  52  4:53  Hellion  
  52  4:59  Supply Depot  
  54  5:02  Supply Depot  
Show
View Real Time Build Order
Export as new Build Order

CinDra Zerg 

Build Orders: Hatch First 

Get SALT Encoding   

  12  0:01  Drone  
  13  0:12  Overlord  
  13  0:17  Drone  
  14  0:31  Drone  
  14  0:32  Drone  
  16  0:38  Drone  
  17  0:56  Drone  
  18  0:59  Drone  
  18  1:02  Hatchery  
  18  1:08  Drone  
  18  1:10  Extractor  
  18  1:21  Spawning Pool  
  17  1:30  Drone x2  
  19  1:39  Drone  
  20  1:52  Drone  
  21  2:09  Zergling x2  
  21  2:13  Queen  
  21  2:15  Queen  
  26  2:16  Zergling x4  
  26  2:19  Metabolic Boost  
  26  2:21  Overlord  
  27  3:00  Extractor  
  26  3:15  Zergling x2  
  26  3:16  Zergling x10  
  32  3:27  Overlord  
  32  3:29  Queen  
  33  3:48  Drone  
  33  3:49  Drone x7  
  41  3:58  Baneling Nest  
  41  3:59  Drone  
  41  4:19  Drone x3, Overlord  
  41  4:20  Overlord  
  44  4:38  Hatchery  
  44  4:45  Baneling x3  
  43  5:02  Zergling x2  
  43  5:03  Zergling x2, Drone  
  43  5:04  Drone x7  
  51  5:21  Zergling x8  
Tags
 
Matchup
TvZ
Spawn Locations
Cross Positions
Add a new tag
Caveats
  • Supply blocks, unpowered buildings, or Contaminate may cause inaccurate times.
  • Supply counts are checked every 10 seconds.